 Dungeon Crawl Stone Soup version 0.18-a0-1804-g0930707 (webtiles) character file.

1072 MrRokkomies the Caller (level 7, -1/59 HPs)
             Began as a Demigod Summoner on Apr 24, 2016.
             Slain by a hill giant
             ... wielding a +0 giant club
              (41 damage)
             ... on level 7 of the Dungeon on Apr 25, 2016.
             The game lasted 00:54:08 (6763 turns).

MrRokkomies the Caller (Demigod Summoner)           Turns: 6763, Time: 00:54:09

Health: -1/59      AC:  8    Str: 13    XL:     7   Next: 80%
Magic:  9/12       EV: 11    Int: 21    God:
Gold:   448        SH:  0    Dex: 16    Spells: 3 memorised, 0 levels left

rFire  . . .     SeeInvis .     a - +0 halberd
rCold  . . .     Gourm    +     q - +0 ring mail
rNeg   . . .     Faith    .     (shield currently unavailable)
rPois  .         Spirit   .     g - +1 helmet
rElec  .         Dismiss  .     (no cloak)
rCorr  .         Reflect  .     v - +0 pair of gloves
SustAt +         Harm     .     (no boots)
MR     .....                    d - amulet of the gourmand
Stlth  +.........               (no ring)
                                (no ring)

@: very slightly contaminated, not resistant to hostile enchantments, very
unstealthy
A: high mp 1, sustain attributes
a: no special abilities


You were on level 7 of the Dungeon.
You were not hungry.

You visited 1 branch of the dungeon, and saw 7 of its levels.

You collected 448 gold pieces.

Inventory:

Hand Weapons
 a - a +0 halberd (weapon)
 j - a +0 blowgun
 y - a +0 longbow
Missiles
 e - 6 curare-tipped needles
 z - 34 arrows
 E - 15 poisoned needles
Armour
 g - a +1 helmet (worn)
 q - a +0 ring mail (worn)
 v - a +0 pair of gloves (worn)
Jewellery
 d - an amulet of the gourmand (around neck)
Wands
 u - a wand of random effects (8/48)
 C - a wand of digging (24/24)
Scrolls
 i - 3 scrolls of magic mapping
 x - 2 scrolls of blinking
 B - 2 scrolls of enchant weapon
 D - a scroll of recharging
Potions
 h - 3 potions of haste
 k - a potion of berserk rage {unknown}
 m - 2 potions of flight {unknown}
 o - a potion of heal wounds {unknown}
 r - 2 potions of invisibility
 s - a potion of degeneration {unknown}
 w - a potion of might
 A - a potion of brilliance
 I - a potion of cancellation {unknown}
Books
 c - a book of Callings

   Spells                             Type                      Level
   a - Summon Small Mammal            Summoning                    1
   b - Call Imp                       Summoning                    2
   c - Call Canine Familiar           Summoning                    3
   d - Summon Guardian Golem          Hexes/Summoning              3
   e - Summon Lightning Spire         Summoning/Air                4
   f - Summon Ice Beast               Ice/Summoning                4
 t - a book of Dreams

   Spells                             Type                      Level
   a - Ensorcelled Hibernation        Hexes/Ice                    2
   b - Silence                        Hexes/Air                    5
   c - Darkness                       Hexes                        6
   d - Shadow Creatures               Summoning                    6
 F - a book of Annihilations

   Spells                             Type                      Level
   a - Poison Arrow                   Conjuration/Poison           6
   b - Chain Lightning                Conjuration/Air              8
   c - Lehudib's Crystal Spear        Conjuration/Earth            8
   d - Glaciate                       Conjuration/Ice              9
   e - Fire Storm                     Conjuration/Fire             9
 G - a book of Minor Magic

   Spells                             Type                      Level
   a - Magic Dart                     Conjuration                  1
   b - Blink                          Translocation                2
   c - Call Imp                       Summoning                    2
   d - Repel Missiles                 Charms/Air                   2
   e - Slow                           Hexes                        2
   f - Conjure Flame                  Conjuration/Fire             3
   g - Mephitic Cloud                 Conjuration/Poison/Air       3
Comestibles
 b - 9 bread rations
 l - a royal jelly
 n - a meat ration
 p - 2 fruits
 H - a beef jerky


   Skills:
 - Level 4.0 Fighting
 * Level 3.9 Polearms
 - Level 1.7 Dodging
 - Level 1.7 Stealth
 - Level 1.7 Spellcasting
 - Level 6.3 Summonings
 * Level 3.1 Air Magic


You couldn't memorise any spells.
You knew the following spells:

 Your Spells              Type           Power        Failure   Level  Hunger
a - Call Canine Familiar  Summ           ####....     10%         3    ###....
b - Call Imp              Summ           ####....     4%          2    ###....
c - Summon Lightning Spi  Summ/Air       ###.....     52%         4    #####..


Dungeon Overview and Level Annotations

Branches:
Dungeon (7/15)             Temple (0/1) D:4

Shops:
D:6 %

Annotations:
D:4 Geomchi's ghost, amateur FoAK


Innate Abilities, Weirdness & Mutations

You have an increased reservoir of magic (+10% MP).
Your attributes are resistant to harm.


Message History

Press: ? - help, Dir - move target cursor, f/p - hill giant
Aim: a hill giant, wielding a giant club (severely wounded, poisoned)
You reach to attack!
You completely miss the hill giant.
The hill giant is severely wounded.
The hill giant hits you with a giant club!!
You see here an uncursed blowgun.
Items here: ( )) รท 2 stones; a dagger; a club; a kobold skeleton You see here a stone.
Casting: Call Canine Familiar
Confirm with . or Enter, or press ? or * to list all spells.
You miscast Call Canine Familiar.
You are very lightly contaminated with residual magic.
The world appears momentarily distorted.
You see here a stone.
You hit the hill giant.
The hill giant is severely wounded.
The hill giant hits you with a giant club!!!
Ouch! That really hurt!
You die...

#..### ##....##.#
#.# ##......# ..
##......#
#.......#######
#.......(......
#.....).#######
#######.##.#(##
##...........#C#
.#.#######.####@#
...........# #.#
........#######(#
###..>..........#
...........###..#
###.###.##.# #..#
#.# #.##.# #..#
#.# #.##.# #..#
#.###.##.# #.##


You could see a hill giant.

Vanquished Creatures
  An orc warrior (D:7)
  An ice beast (D:5)
  2 big kobolds (D:7)
  A giant frog (D:7)
  2 howler monkeys
  A crimson imp (D:5)
  A giant frog zombie (D:6)
  A jelly (D:6)
  An iguana (D:6)
  A worker ant (D:5)
  Robin (D:3)
  A gnoll (D:5)
  3 adders
  A worm (D:4)
  7 orcs
  A ball python (D:5)
  2 giant cockroaches (D:1)
  3 goblins (D:3)
  6 hobgoblins
  7 jackals
  3 quokkas
  7 bats
  5 giant newts
  7 kobolds
  7 rats
73 creatures vanquished.

Vanquished Creatures (collateral kills)
  A troll (D:7)
  An ice beast (D:4)
  A scorpion (D:4)
  2 crimson imps (D:5)
  2 orc priests (D:4)
  5 orc wizards
  An iguana (D:4)
  2 worker ants
  6 gnolls (D:5)
  An adder (D:2)
  A worm (D:2)
  3 orcs
  A bat (D:1)
  2 hobgoblins (D:1)
  3 jackals
  7 kobolds
  A quokka (D:4)
  2 giant newts (D:1)
  6 goblins
  2 quokka skeletons
  3 rats
53 creatures vanquished.

Grand Total: 126 creatures vanquished

Notes
Turn   | Place    | Note
--------------------------------------------------------------
     0 | D:1      | MrRokkomies the Demigod Summoner began the quest for the Orb.
     0 | D:1      | Reached XP level 1. HP: 14/14 MP: 5/5
   394 | D:1      | Found a glowing golden altar of the Shining One.
   840 | D:1      | Reached skill level 1 in Fighting
   840 | D:1      | Reached XP level 2. HP: 11/23 MP: 7/7
   844 | D:1      | Learned a level 2 spell: Call Imp
  1407 | D:2      | Reached skill level 4 in Summonings
  1629 | D:2      | Found a white marble altar of Elyvilon.
  1720 | D:2      | Found a glowing silver altar of Zin.
  1734 | D:2      | Found a shadowy altar of Dithmenos.
  1889 | D:2      | Found a deep blue altar of Sif Muna.
  1900 | D:2      | Found a glowing golden altar of the Shining One.
  1957 | D:2      | Reached XP level 3. HP: 28/29 MP: 8/8
  2113 | D:2      | Found a basalt altar of Yredelemnul.
  2260 | D:3      | Noticed Robin
  2391 | D:3      | Killed Robin
  3047 | D:3      | Learned a level 3 spell: Call Canine Familiar
  3050 | D:4      | Noticed Geomchi's ghost (amateur FoAK)
  3067 | D:3      | Reached XP level 4. HP: 36/36 MP: 4/9
  3407 | D:4      | Found a staircase to the Ecumenical Temple.
  3436 | D:4      | Reached skill level 5 in Summonings
  3472 | D:4      | Reached XP level 5. HP: 19/44 MP: 1/10
  3790 | D:4      | Upgraded the game from 0.18-a0-1800-gdc7a371 to 0.18-a0-1804-g0930707
  3856 | D:4      | Noticed an ice beast
  3873 | D:4      | Killed an ice beast
  3993 | D:5      | Entered Level 5 of the Dungeon
  4019 | D:5      | Noticed an ice beast
  4038 | D:5      | Killed an ice beast
  4038 | D:5      | Reached XP level 6. HP: 52/52 MP: 0/11
  4394 | D:5      | Reached skill level 6 in Summonings
  4406 | D:5      | Reached skill level 1 in Polearms
  5200 | D:6      | Found Fekhlycon's Food Shop.
  5354 | D:6      | Reached XP level 7. HP: 55/59 MP: 12/12
  5360 | D:6      | Learned a level 4 spell: Summon Lightning Spire
  5745 | D:7      | Reached skill level 1 in Air Magic
  6337 | D:7      | Noticed a troll
  6349 | D:7      | Killed a troll
  6721 | D:7      | Noticed a hill giant
  6763 | D:7      | Slain by a hill giant

Vault maps used:
D:1:      grunt_arrival_crossed_arrows, kennysheep_flooded_box
D:2:      kennysheep_ying_yang, nicolae_overflow_quartered_altars, first_bread,
          moated_statue
D:3:      uniq_robin
D:4:      minmay_temple_entry_mist, roderic_digamma_sauvastika
D:6:      serial_shops, shop, bh_walls_and_bars
D:7:      kb_rosetta

Skill      XL: |  1  2  3  4  5  6  7 |
---------------+----------------------+-----
Fighting       | 1 2 3 4 |  4.0
Summonings     | 4 5 6 |  6.3
Polearms       | 2 3 |  3.9
Air Magic      | 3 |  3.1
Dodging        | |  1.7
Stealth        | |  1.7
Spellcasting   | |  1.7

Action                   |  1- 3 |  4- 6 |  7- 9 || total
-------------------------+-------+-------+-------++-------
Melee: Unarmed           |    58 |       |       ||    58
       Dagger            |   172 |    40 |       ||   212
       War axe           |       |    15 |       ||    15
       Halberd           |       |    57 |    63 ||   120
       Spear             |       |    33 |       ||    33
 Fire: Blowgun           |       |       |     7 ||     7
 Cast: Summon Small Mamm |    12 |       |       ||    12
       Call Imp          |    14 |    17 |     3 ||    34
       Call Canine Famil |     1 |    19 |     7 ||    27
  Use: Scroll            |    13 |     4 |     2 ||    19
       Potion            |     2 |     2 |     2 ||     6
 Stab: Sleeping          |     2 |     1 |       ||     3
       Distracted        |       |     1 |     3 ||     4
  Eat: Chunk             |     7 |    11 |     4 ||    22
       Royal jelly       |     1 |       |       ||     1
       Meat ration       |       |     1 |       ||     1
Armor: Robe              |    26 |       |       ||    26
       Ring mail         |    41 |    75 |    19 ||   135
Dodge: Dodged            |   172 |   106 |    45 ||   323
